 Dungeon Crawl Stone Soup version 0.30.0 (webtiles) character file.

Game seed: 4289814868284098502

4867 dompybear the Blocker (level 10, -2/86 HPs)
             Began as a Minotaur Chaos Knight on May 6, 2023.
             Was a Believer of the Shining One.
             Slain by a kobold brigand
             ... wielding a +0 war axe
              (9 damage)
             ... in a bailey.
             The game lasted 00:34:10 (5344 turns).

dompybear the Blocker (Minotaur Chaos Knight)       Turns: 5344, Time: 00:34:11

Health: -2/86      AC: 13    Str: 33    XL:     10   Next: 26%
Magic:  9/9        EV:  3    Int:  9    God:    the Shining One [**....]
Gold:   328        SH: 28    Dex: 10    Spells: 9/9 levels left

rFire   + . .        z - +3 mace (freeze)
rCold   + . .        B - +18 shield of the Gong {Loud rN+ Will+ rCorr EV-5}
rNeg    + + .        K - +0 plate armour
rPois   +            (helmet unavailable)
rElec   +            (no cloak)
rCorr   +            (no gloves)
SInv    .            (no boots)
Will    +....        (no amulet) Stlth
                     o - +6 ring of strength
HPRegen 0.34/turn    i - +6 ring of strength
MPRegen 0.11/turn

%: no passive effects
@: mighty, resistant, glowing
A: horns 3, retaliatory headbutt, inability to drink after injury 1
a: Renounce Religion, Divine Shield


You were in a bailey.
You worshipped the Shining One.
The Shining One was pleased with you.
You visited 1 branch of the dungeon, and saw 8 of its levels.
You also visited: Bailey.

You collected 328 gold pieces.

Inventory:

Hand Weapons
 a - a +4 spear
 c - a +5 spear
 z - a +3 mace of freezing (weapon)
 C - a +4 whip
Missiles
 q - 2 throwing nets
 D - 5 curare-tipped darts
 H - 2 silver boomerangs
 M - 15 poisoned darts
Armour
 b - a +2 leather armour
 B - the +18 shield of the Gong (worn) {Loud rN+ Will+ rCorr EV-5}
   (You found it on level 3 of the Dungeon)

   Loud:      It is deafeningly noisy when blocking attacks.
   EV:        It affects your evasion (-5).
   rN:        It protects you from negative energy.
   rCorr:     It protects you from acid and corrosion.
   Will:      It increases your willpower.
 K - a +0 plate armour (worn)
Magical Staves
 N - a staff of conjuration
Jewellery
 i - a +6 ring of strength (right hand)
 o - a +6 ring of strength (left hand)
 r - a ring of poison resistance
 t - a +6 ring of intelligence
 I - a +6 ring of dexterity
Wands
 L - a wand of polymorph (6)
Scrolls
 d - a scroll of summoning {unknown}
 e - a scroll of silence {unknown}
 f - 2 scrolls of fog {unknown}
 j - 2 scrolls of enchant armour {unknown}
 l - a scroll of fear {unknown}
 n - 3 scrolls of teleportation {unknown}
 w - 2 scrolls of vulnerability {unknown}
 y - a scroll of noise {unknown}
 F - a scroll of amnesia {unknown}
 G - a scroll of immolation {unknown}
 J - 3 scrolls of blinking
 O - a scroll of enchant weapon {unknown}
Potions
 g - 2 potions of lignification
 h - 3 potions of flight
 k - a potion of magic
 p - a potion of haste {unknown}
 s - 2 potions of brilliance
 u - 3 potions of cancellation
 x - a potion of attraction {unknown}


   Skills:
 + Level 7.1 Fighting
 + Level 6.6 Long Blades
 + Level 7.2 Maces & Flails
 + Level 6.1 Polearms
 + Level 6.7 Armour
 + Level 3.5 Dodging
 + Level 1.0 Stealth
 + Level 10.4 Shields


You had 9 spell levels left.
You didn't know any spells.
Your spell library contained the following spells:

 Spells                   Type           Power      Damage    Failure   Level
 Sandblast                Erth           0%         2d4       99%         1
 Passwall                 Tmut/Erth      0%         N/A       100%        2
 Scorch                   Fire           0%         2d5       100%        2
 Gell's Gravitas          Tloc           0%         N/A       100%        3
 Stone Arrow              Conj/Erth      0%         3d7       100%        3
 Summon Guardian Golem    Hex/Summ       0%         N/A       100%        3
 Teleport Other           Tloc           0%         N/A       100%        3
 Flame Wave               Conj/Fire      0%         2d4       100%        4
 Dispersal                Tloc           0%         N/A       100%        6
 Summon Cactus Giant      Summ           0%         N/A       100%        6
 Orb of Destruction       Conj           0%         9d5       100%        7
 Spellforged Servitor     Conj/Summ      0%         N/A       100%        7


Dungeon Overview and Level Annotations

Branches:
Dungeon (8/15)             Temple (0/1) D:7          Bailey (1/1)
   Lair: D:8-11

Altars:
Gozag
Okawaru
Uskayaw
Vehumet
Wu Jian
Xom
Zin
The Shining One


Innate Abilities, Weirdness & Mutations

You have a pair of large horns on your head.
You reflexively headbutt those who attack you in melee.
You occasionally lose the ability to drink potions when taking damage.


Message History

GONNNNG!
The kobold brigand throws a poisoned dart.
GONNNNG!
You block the poisoned dart.
It was a potion of might.
You feel very mighty all of a sudden.
You feel sick.
The orc warrior hits you with a +0 broad axe.
* * * LOW HITPOINT WARNING * * *
You block the kobold brigand's attack.
BOUMMMMG!
It was a potion of magic.
Magic courses through your body.
You feel sick. You block the orc warrior's attack.
PTOANNNG!
The kobold brigand hits you but does no damage.
A kobold brigand comes into view.
It is wielding a +0 war axe and quivering curare-tipped darts.
The kobold brigand hits you with a +0 war axe.
* * * LOW HITPOINT WARNING * * *
It was a potion of mutation.
You feel extremely strange.
You no longer feel heat resistant.
Your thinking seems confused.
You no longer feel cold resistant.
You occasionally lose the ability to drink potions when taking damage.
You feel sick.
You are no longer poisoned.
The orc warrior hits you but does no damage.
You block the kobold brigand's attack.
SHROANNG!
You block the kobold brigand's attack.
SHROANNG!
You sock the kobold brigand! You freeze the kobold brigand.
The kobold brigand is heavily wounded.
You block the orc warrior's attack.
GONNNNG!
You block the kobold brigand's attack.
BONNNG!
You block the orc warrior's attack.
GONNNNG!
The kobold brigand hits you with a +0 war axe!
You die...
Xom cackles wildly!

##..∩..## ##'''##
#...# #...# #...#
####...####
#~.....(((##
#~~.....)K(~####
..~~....o@K~~....#
##~~.....K.~~###.#
..~~.......~~....
##~~.......~~###.
.~~....K..~~..
#~~.......~~###
~~.......~~.
~~.......~~##


You could see an orc warrior and 4 kobold brigands.

Vanquished Creatures
  A centaur warrior (D:8)
  Pikel (D:8)
  A hornet (D:7)
  A wraith (D:7)
  2 steam dragons
  A water moccasin (D:5)
  4 orc warriors
  An ice beast (D:5)
  3 black bears
  3 sky beasts
  An ogre (D:5)
  A boggart (D:2)
  2 centaurs (D:6)
  A phantom (D:7)
  6 kobold brigands
  2 scorpions
  A gnoll sergeant (D:8)
  9 wights
  2 hounds (D:4)
  A jelly (D:6)
  2 sleepcaps
  6 iguanas
  5 orc wizards
  4 gnolls (D:8)
  9 adders
  2 white imps
  2 ufetubi (D:4)
  A dart slug (D:3)
  19 orcs
  4 bats
  7 endoplasms
  5 giant cockroaches
  5 goblins
  5 hobgoblins
  3 jackals (D:4)
  5 quokkas
  3 ball pythons
  26 kobolds
  10 rats
167 creatures vanquished.

Notes
Turn   | Place    | Note
-------+----------+-------------------------------------------
     0 | D:1      | dompybear the Minotaur Chaos Knight began the quest for the
                  | Orb.
     0 | D:1      | Reached XP level 1. HP: 19/19 MP: 0/0
   111 | D:1      | Reached XP level 2. HP: 27/27 MP: 1/1
   471 | D:1      | XOM: silly message
   788 | D:2      | Reached XP level 3. HP: 26/34 MP: 2/2
  1044 | D:2      | an endoplasm changed into a boggart
  1044 | D:2      | Noticed a boggart
  1044 | D:2      | XOM: polymorph endoplasm -> boggart
  1047 | D:2      | Killed a boggart
  1048 | D:2      | Reached skill level 5 in Fighting
  1048 | D:2      | Reached skill level 5 in Long Blades
  1048 | D:2      | Reached XP level 4. HP: 38/42 MP: 3/3
  1064 | D:2      | XOM: noise
  1439 | D:3      | Reached XP level 5. HP: 45/48 MP: 4/4
  1583 | D:3      | Found a faded altar of an unknown god.
  1648 | D:3      | XOM: noise
  1786 | D:3      | Found the +18 shield of the Gong {Loud rN+ Will+ rCorr
                  | EV-5}
  1867 | D:3      | XOM: noise
  1899 | D:3      | XOM: noise
  1942 | D:3      | XOM: divination: magic mapping
  2127 | D:3      | XOM: cloud trail
  2281 | D:4      | XOM: divination: detect creatures
  2441 | D:4      | XOM: scenery: summon butterflies
  2470 | D:4      | XOM: scenery: create altars
  2562 | D:4      | Found an opulent altar of Gozag.
  2562 | D:4      | Found a hide-covered altar of Uskayaw.
  2562 | D:4      | Found a radiant altar of Vehumet.
  2583 | D:4      | Reached XP level 6. HP: 56/56 MP: 5/5
  2606 | D:4      | Found an ornate altar of the Wu Jian Council.
  2739 | D:4      | Found a glowing golden altar of the Shining One.
  2756 | D:4      | Fell from the grace of Xom
  2756 | D:4      | Became a worshipper of the Shining One
  2810 | D:4      | Reached skill level 1 in Shields
  2859 | D:4      | Found an iron altar of Okawaru.
  2923 | D:5      | Entered Level 5 of the Dungeon
  2928 | D:5      | Reached skill level 2 in Shields
  2971 | D:5      | Reached skill level 1 in Maces & Flails
  2994 | D:5      | Noticed a water moccasin
  2998 | D:5      | Reached skill level 3 in Shields
  2998 | D:5      | Reached XP level 7. HP: 61/61 MP: 6/6
  3081 | D:5      | Found a glowing silver altar of Zin.
  3081 | D:5      | Noticed an angel
  3168 | D:5      | Reached skill level 4 in Shields
  3664 | D:6      | Reached skill level 5 in Shields
  3669 | D:6      | Reached XP level 8. HP: 69/69 MP: 7/7
  3673 | D:6      | Reached * piety under the Shining One
  3680 | D:6      | Reached skill level 5 in Maces & Flails
  3694 | D:6      | Reached skill level 6 in Shields
  3711 | D:6      | Reached skill level 5 in Armour
  3796 | D:6      | Reached skill level 7 in Shields
  3805 | D:6      | XOM: summons 3 hostile shadow creatures
  4188 | D:7      | Reached XP level 9. HP: 75/75 MP: 8/8
  4302 | D:7      | Reached skill level 1 in Polearms
  4307 | D:7      | Paralysed by a hornet for 2 turns
  4334 | D:7      | Reached skill level 8 in Shields
  4362 | D:7      | Found a staircase to the Ecumenical Temple.
  4658 | D:7      | XOM: give mutations
  4658 | D:7      | Gained mutation: You have a pair of large horns on your
                  | head. [Xom's grace]
  4658 | D:7      | Gained mutation: Your flesh is cold resistant. (rC+) [Xom's
                  | grace]
  4658 | D:7      | Gained mutation: You possess an exceptional clarity of
                  | mind. [Xom's grace]
  4979 | D:7      | XOM: summons 4 hostile demons
  5194 | D:8      | Noticed a centaur warrior
  5200 | D:8      | Reached ** piety under the Shining One
  5206 | D:8      | Noticed Pikel
  5218 | D:8      | Killed a centaur warrior
  5219 | D:8      | Reached skill level 5 in Polearms
  5219 | D:8      | Reached skill level 1 in Stealth
  5219 | D:8      | Reached skill level 9 in Shields
  5241 | D:8      | Killed Pikel
  5242 | D:8      | Reached XP level 10. HP: 41/86 MP: 9/9
  5251 | D:8      | Reached skill level 10 in Shields
  5265 | D:8      | XOM: give mutation
  5265 | D:8      | Gained mutation: Your flesh is heat resistant. (rF+) [Xom's
                  | mischief]
  5266 | D:8      | Found a flagged portal.
  5290 | Bailey   | Entered a bailey
  5342 | Bailey   | Lost mutation: Your flesh is heat resistant. (rF+) [potion
                  | of mutation]
  5342 | Bailey   | Lost mutation: You possess an exceptional clarity of mind.
                  | [potion of mutation]
  5342 | Bailey   | Lost mutation: Your flesh is cold resistant. (rC+) [potion
                  | of mutation]
  5342 | Bailey   | Gained mutation: You occasionally lose the ability to drink
                  | potions when taking damage. [potion of mutation]
  5344 | Bailey   | Slain by a kobold brigand

Illustrated notes

Levels and vault maps discovered:
D:1:      amcnicky_arrival_abandoned_market, layout_basic, chequers_garden,
          minmay_cupped
D:2:      layout_rooms, nicolae_concentric_dashed_squares_mild,
          chequers_serial_rivers_marsh, minmay_misc_feat_doors
D:3:      layout_basic, hellmonk_ecumenical_altar_heavens_door
D:4:      layout_basic, kennysheep_okawaru_gauntlet,
          nicolae_tso_carved_into_rock, pdpol_wu_jian_five_deadly_venoms,
          chequers_temple_overflow_statue_of_worship, serial_co_window_serial,
          co_window_paths_a, co_window_paths_a, co_window_corner_a,
          co_window_paths_a, co_window_paths_a, co_window_broadway_b,
          co_window_unsneaky_path_b, co_window_unsneaky_path_d,
          co_window_unsneaky_path_e, co_window_corner_ca
D:5:      layout_cave_pools, zin_angel, roderic_lattice_a
D:6:      layout_rooms
D:7:      layout_basic, minmay_temple_entry_ruins
D:8:      minmay_opposing_rooms, layout_layer_cave,
          gammafunk_temple_overflow_elements, lair_entry_dummy, enter_bailey_7,
          uniq_pikel, uniq_grum, uniq_maggie
Bailey:   bailey_axe_3, bailey

Skill      XL: |  1  2  3  4  5  6  7  8  9 10 |
---------------+-------------------------------+-----
Long Blades    | 4 5 6 |  6.6
Fighting       | 4 5 6 7 |  7.1
Armour         | 3 4 5 6 |  6.7
Dodging        | 2 3 |  3.5
Shields        | 3 5 7 9 10 | 10.4
Maces & Flails | 1 3 6 7 |  7.2
Polearms       | 5 6 |  6.1
Stealth        | 1 |  1.0

Action                     |  1- 3 |  4- 6 |  7- 9 | 10-12 || total
---------------------------+-------+-------+-------+-------++-------
  Melee: Falchion          |    74 |    55 |       |       ||   129
         Headbutt          |    11 |    18 |    60 |    11 ||   100
         Punch             |       |     1 |       |       ||     1
         Whip              |       |    63 |   107 |       ||   170
         Spear             |       |       |   138 |    14 ||   152
         Mace              |       |       |       |    34 ||    34
    Use: Scroll            |       |     5 |     2 |       ||     7
         Potion            |       |       |     8 |     4 ||    12
 Armour: Leather armour    |    24 |    18 |       |       ||    42
         Chain mail        |       |    24 |    10 |       ||    34
         Plate armour      |       |       |    45 |    28 ||    73
         Skin              |       |       |     4 |       ||     4
  Dodge: Dodged            |    42 |    16 |    13 |     8 ||    79
  Block: Kite shield       |       |    88 |   318 |   114 ||   520
